 Dungeon Crawl Stone Soup version 0.29.1-1-gd02db6906a (webtiles) character file.

Game seed: 2073354419735319358

105910 LustLizard the Thaumaturge (level 16, -8/130 HPs)
             Began as a Djinni Fire Elementalist on Oct 17, 2022.
             Was a High Priest of Ashenzari.
             Mangled by the 27-headed Lernaean hydra (9 damage)
             ... on level 3 of the Swamp on Oct 18, 2022.
             The game lasted 01:30:54 (30741 turns).

LustLizard the Thaumaturge (DjFE)                  Turns: 30741, Time: 01:30:55

Health: -8/130     AC: 15    Str:  9    XL:     16   Next: 97%
Gold:   1124       EV: 17    Int: 21    God:    Ashenzari [*****.] SH: 10 Dex: 25

rFire   + + .      SeeInvis +   l - +9 falchion of the Ruined Oblivion {holy, Dex+5, Evo, Self} (curse)
rCold   . . .      Faith    .   H - +2 buckler of the All-seeing Failure {AC+3, Melee, Self} (curse)
rNeg    . . .      Spirit   .   n - +1 scale mail of Ashenzari's Mistrust {rPois Will+ SInv, Cun, Self} (curse)
rPois   ∞          Reflect  .   v - +0 hat "Prescient Asceticism" {rElec Will+ MP-9, Cun, Self} (curse)
rElec   +          Harm     .   e - +0 cloak "Restrained Scepticism" {Self, Evo} (curse)
rCorr   +          Rampage  .   N - +0 pair of gloves of Apeoromancy {Evo, Melee} (curse)
Will    ++++.      Clarity  +   (boots unavailable)
Stlth   +++++.....              t - amulet of the Revealing Omission {Regen+, Melee, Fort} (curse)
HPRegen 1.11/turn               P - ring of protection from cold
MPRegen 0.00/turn               z - ring "Tethered Burden" {Will+ rCorr Dex+4, Self, Cun} (curse)

@: flying, studying Invocations
A: sickness immunity, fire resistance 2, cold vulnerability 1, float, innate
caster, HP casting, extra vitality 1
a: Renounce Religion, Curse Item, Shatter the Chains


You were on level 3 of the Swamp.
You worshipped Ashenzari.
Ashenzari was extremely pleased with you.
You visited 4 branches of the dungeon, and saw 25 of its levels.
You also visited: Ossuary, Bailey and Gauntlet.

You collected 2719 gold pieces.
You spent 1595 gold pieces at shops.

Inventory:

Hand Weapons
 l - the cursed +9 falchion of the Ruined Oblivion (weapon) {holy, Dex+5, Evo, Self}
   (You found it on level 3 of the Dungeon)

   It has been blessed by the Shining One to cause great damage to the undead
   and demons.
   Dex:       It affects your dexterity (+5).
   It has a curse which improves the following skills: Evocations: Evocations.
   Introspection: Fighting and Spellcasting.
Missiles
 R - 2 throwing nets
Armour
 e - the cursed +0 cloak "Restrained Scepticism" (worn) {Self, Evo}
   (You took it off Maurice on level 8 of the Dungeon)

   It has a curse which improves the following skills: Introspection: Fighting
   and Spellcasting.
   Evocations: Evocations.
 n - the cursed +1 scale mail of Ashenzari's Mistrust (worn) {rPois Will+ SInv, Cun, Self}
   (You found it on level 3 of the Dungeon)

   rPois:     It protects you from poison.
   SInv:      It lets you see invisible.
   Will:      It increases your willpower.
   It has a curse which improves the following skills: Cunning: Dodging and
   Stealth.
   Introspection: Fighting and Spellcasting.
 v - the cursed +0 hat "Prescient Asceticism" (worn) {rElec Will+ MP-9, Cun, Self}
   (You bought it in a shop on level 10 of the Dungeon)

   rElec:     It insulates you from electricity.
   MP:        It affects your magic capacity (-9).
   Will:      It increases your willpower.
   It has a curse which improves the following skills: Cunning: Dodging and
   Stealth.
   Introspection: Fighting and Spellcasting.
 H - the cursed +2 buckler of the All-seeing Failure (worn) {AC+3, Melee, Self}
   (You found it on level 2 of the Lair of Beasts)

   It has a curse which improves the following skills: Melee Combat: Short
   Blades, Long Blades, Axes, Maces & Flails, Polearms, Staves and Unarmed
   Combat.
   Introspection: Fighting and Spellcasting.
 J - the +1 robe "Entollay" {rPois rCorr Archmagi}
   (You found it on level 3 of the Dungeon)

   rPois:     It protects you from poison.
   rCorr:     It protects you from acid and corrosion.
   Archmagi:  It increases the power of your magical spells.
 N - the cursed +0 pair of gloves of Apeoromancy (worn) {Evo, Melee}
   (You found it on level 3 of the Lair of Beasts)

   It has a curse which improves the following skills: Evocations: Evocations.
   Melee Combat: Short Blades, Long Blades, Axes, Maces & Flails, Polearms,
   Staves and Unarmed Combat.
Jewellery
 f - a ring of ice
 q - the ring of Pyromania {Int+6 Dex+6}
   (You bought it in a shop on level 2 of the Orcish Mines)

   [ring of dexterity]

   Int:       It affects your intelligence (+6).
   Dex:       It affects your dexterity (+6).
 t - the cursed amulet of the Revealing Omission (around neck) {Regen+, Melee, Fort}
   (You bought it in a shop on level 10 of the Dungeon)

   [amulet of regeneration]

   Regen:     It increases your rate of health regeneration.
   It has a curse which improves the following skills: Melee Combat: Short
   Blades, Long Blades, Axes, Maces & Flails, Polearms, Staves and Unarmed
   Combat.
   Fortitude: Armour and Shields.
 z - the cursed ring "Tethered Burden" (right hand) {Will+ rCorr Dex+4, Self, Cun}
   (You found it in a Gauntlet)

   [ring of willpower]

   Dex:       It affects your dexterity (+4).
   rCorr:     It protects you from acid and corrosion.
   Will:      It increases your willpower.
   It has a curse which improves the following skills: Introspection: Fighting
   and Spellcasting.
   Cunning:   Dodging and Stealth.
 C - a ring of fire
 G - a +6 ring of strength
 L - a ring of protection from fire
 P - a ring of protection from cold (left hand)
Wands
 a - a wand of iceblast (15) (quivered)
 k - a wand of light (4)
 r - a wand of polymorph (4)
 D - a wand of mindburst (16)
 E - a wand of charming (22)
 K - a wand of flame (21)
Scrolls
 c - 6 scrolls of fog
 g - 8 scrolls of enchant armour
 m - 4 scrolls of poison
 x - 10 scrolls of enchant weapon
 y - a scroll of brand weapon
 A - 3 scrolls of immolation
 B - 4 scrolls of fear
 F - 2 scrolls of summoning
 I - 14 scrolls of teleportation
 M - 2 scrolls of magic mapping
 O - a scroll of blinking
Potions
 b - 5 potions of heal wounds
 d - 6 potions of brilliance
 h - 5 potions of berserk rage
 i - 5 potions of attraction
 j - 11 potions of curing
 o - 4 potions of haste
 p - 3 potions of resistance
 s - 2 potions of mutation
 u - 2 potions of cancellation
 w - 7 potions of might
Miscellaneous
 Q - a tin of tremorstones (2/2)
 S - a piece from Xom's chessboard (15/15)


   Skills:
 - Level 9.6(16.8) Fighting
 - Level 5.6(10.0) Long Blades
 + Level 8.2(10.5) Armour
 + Level 10.8(15.3) Dodging
 + Level 9.5(14.0) Stealth
 + Level 6.9(9.3) Shields
 * Level 14.4(21.6) Spellcasting
 + Level 10.0(14.5) Evocations


You had 19 spell levels left.
You knew the following spells:

 Your Spells              Type           Power      Damage    Failure   Level
a - Foxfire               Conj/Fire      100%       2x1d9     0%          1
b - Scorch                Fire           100%       2d10      0%          2
c - Conjure Flame         Conj/Fire      85%        6-21      0%          3
d - Inner Flame           Hex/Fire       85%        N/A       0%          3
e - Flame Wave            Conj/Fire      85%        2d18      1%          4
f - Apportation           Tloc           100%       N/A       0%          1
g - Ensorcelled Hibernat  Hex/Ice        100%       N/A       0%          2
h - Ignite Poison         Fire/Tmut/Pois 85%        N/A       0%          3
i - Dispel Undead         Necr           85%        3d27      1%          4
j - Summon Forest         Summ/Tloc      42%        N/A       1%          5
k - Manifold Assault      Tloc           85%        N/A       1%          5
l - Death Channel         Necr           42%        N/A       1%          6
Your spell library was empty.

Dungeon Overview and Level Annotations

Branches:
Dungeon (14/15) Temple (0/1) D:6 Lair (5/5) D:8 Swamp (4/4) Lair:2 Snake (0/4) Lair:2 Slime (0/5) Lair:4 Orc (2/2) D:11 Elf (0/3) Orc:2 Vaults (0/5) D:13 D:14 Ossuary (visited) Bailey (visited) Gauntlet (visited)

Altars:
Ashenzari
Dithmenos
Elyvilon
Gozag
Qazlal
Trog
Xom
Jiyva

Shops:
D:10 [=*!:   D:13 (   Orc:2 *?=*

Portals:
Abyss: D:10
Trove: D:10 (give +6 demon blade)

Annotations:
D:10 2 transporters, Cheops's ghost, journeyman DsGl
D:14 exclusions: 2 meliai and sensed monster (detected)
Swamp:1 Roxanne
Swamp:3 Lernaean hydra
Swamp:4 exclusion: 2 ice statues


Innate Abilities, Weirdness & Mutations

You are immune to sickness and miasma.
You are immune to poison.
Your flesh is very heat resistant. (rF++)
You are vulnerable to cold. (rC-)
You float through the air rather than walking.
You learn spells naturally, not from books.
Your magical power is your life essence.
You have superior vitality. (+4 MHP)


Message History

The 27-headed Lernaean hydra bites you but does no damage. x2
The 27-headed Lernaean hydra barely misses you.
The 27-headed Lernaean hydra misses you.
The 27-headed Lernaean hydra bites you! The 27-headed Lernaean hydra bites you.
You fly upwards.
There is a stone staircase leading down here.
Aiming: Iceblast
Press: ? - help, Q - select action, (/) - cycle Shift-Dir - straight line The mass of ice explodes!
The iceblast engulfs the 27-headed Lernaean hydra!!
The 27-headed Lernaean hydra is heavily wounded.
The 27-headed Lernaean hydra barely misses you.
The 27-headed Lernaean hydra closely misses you.
You block the 27-headed Lernaean hydra's attack. x3
The 27-headed Lernaean hydra bites you!
The 27-headed Lernaean hydra closely misses you.
The 27-headed Lernaean hydra bites you!
The 27-headed Lernaean hydra bites you but does no damage.
The 27-headed Lernaean hydra bites you!
You block the 27-headed Lernaean hydra's attack.
The 27-headed Lernaean hydra closely misses you.
The 27-headed Lernaean hydra bites you but does no damage.
The 27-headed Lernaean hydra closely misses you.
The 27-headed Lernaean hydra bites you but does no damage.
You block the 27-headed Lernaean hydra's attack.
The 27-headed Lernaean hydra bites you! The 27-headed Lernaean hydra bites you.
* * * LOW HITPOINT WARNING * * *
The 27-headed Lernaean hydra bites you but does no damage.
The 27-headed Lernaean hydra bites you!
* * * LOW HITPOINT WARNING * * *
The 27-headed Lernaean hydra bites you!
* * * LOW HITPOINT WARNING * * *
The 27-headed Lernaean hydra bites you!
* * * LOW HITPOINT WARNING * * *
The 27-headed Lernaean hydra bites you!
* * * LOW HITPOINT WARNING * * *
The 27-headed Lernaean hydra bites you but does no damage.
You block the 27-headed Lernaean hydra's attack.
The 27-headed Lernaean hydra bites you!
You die...

♣♣♣♣..~~§~~~..~.~♣♣♣
..~.~♣.~~~~~~^~..~♣♣
.~~~.♣♣~~♣..~.♣♣♣♣♣♣
~~§~.♣♣♣♣♣♣~~.~♣♣♣♣
§~~..♣♣♣♣♣♣~.....♣♣
~~~.♣♣♣♣....~~~.~♣♣♣
...♣♣~.~~~~.~~~.♣♣♣♣♣
...♣♣§.~~~~~.....§~♣♣♣
~~.♣♣.~.~~~~~~~D@<..♣♣♣
.~~♣♣.~~~~~~~~~~.~♣♣♣♣♣
.~.....~.~...~~~~>.♣♣♣♣
...~~.♣♣♣...~~~~~~~.♣♣♣
~..~~..~♣...~§~~~~~.♣♣♣
~~~~...♣~.....~~§..~♣♣♣
~~~~....♣~..~>.....♣♣♣♣
~~~.~♣♣♣♣♣...~~.~~^♣♣♣♣
~~.♣♣♣♣♣♣~~~.~~~...♣♣♣


You could see the 27-headed Lernaean hydra.

Vanquished Creatures
  Rupert (D:13)
  An orc warlord (Orc:2)
  2 eleionomae
  A minotaur (Gauntlet)
  A shambling mangrove (Swamp:4)
  Snorg (D:14)
  2 ghost crabs (Swamp:1)
  16 hydras
  3 boulder beetles
  4 two-headed ogres
  2 catoblepae
  2 centaur warriors
  11 alligators
  An ogre mage (D:13)
  2 tengu warriors (D:14)
  6 death yaks
  A deep troll shaman (Lair:5)
  An orc high priest (Orc:2)
  Urug (D:13)
  4 skeletal warriors (D:14)
  2 fire crabs
  A spriggan druid (Swamp:1)
  4 sixfirhies (Gauntlet)
  2 goliath frogs
  5 swamp dragons (Swamp:4)
  12 bog bodies
  An obsidian statue (Gauntlet)
  A lindwurm (Lair:5)
  An ugly thing (D:13)
  8 orc sorcerers (Orc:2)
  A will-o-the-wisp (Swamp:3)
  2 elephants (Lair:5)
  Joseph (Lair:1)
  7 black mambas
  A cyclops (D:11)
  Maurice (D:8)
  A torpor snail (Lair:4)
  2 gargoyles (D:12)
  3 cane toads
  An unseen horror (D:11)
  A freezing wraith (D:14)
  11 komodo dragons
  A tengu conjurer (D:14)
  3 rime drakes
  2 bloated husks
  2 polar bears
  12 hornets
  10 trolls
  A raiju (Gauntlet)
  9 tyrant leeches
  Grinder (D:4)
  4 slime creatures
  4 blink frogs (Lair:3)
  2 wraiths
  10 spriggans
  A vampire (D:13)
  46 yaks
  8 water elementals
  8 wyverns
  The ghost of quakins the Changer, an amateur TrTm of Fedhas (D:3)
  3 fire bats (Gauntlet)
  16 humans
  5 vampire mosquitoes
  6 basilisks
  3 steam dragons
  6 swamp worms
  4 acid dragons
  22 water moccasins
  6 wargs
  9 swamp drakes
  Duvessa (D:5)
  3 ice beasts
  A black bear (Lair:5)
  A sky beast (D:8)
  20 orc warriors
  5 ogres
  3 centaurs
  The ghost of funnyparkerb the Magician, an amateur DjFE (D:3)
  12 wolves
  4 phantoms
  2 kobold brigands
  Blork the orc (D:5)
  11 bullfrogs
  A necrophage (D:7)
  3 scorpions (D:5)
  4 wights (D:9)
  Dowan (D:5)
  8 killer bees
  4 howler monkeys
  8 electric eels
  3 hounds
  2 lava snakes (D:14)
  12 orc priests
  5 jellies
  An iguana (D:7)
  A gnoll bouda (D:5)
  49 orc wizards
  2 mummies
  8 gnolls
  Robin (D:4)
  8 adders
  3 shadow imps
  2 white imps (D:7)
  4 ufetubi
  2 worms (D:2)
  5 dart slugs
  89 orcs
  3 spectral bats (Ossuary)
  4 ball pythons
  5 endoplasms
  3 giant cockroaches
  12 gnoll zombies (Ossuary)
  18 goblins
  20 hobgoblins
  6 jackals
  24 kobolds
  3 quokkas
  5 bats
  2 bat simulacra (Ossuary)
  8 frilled lizards
  A goblin simulacrum (Ossuary)
  3 goblin zombies (Ossuary)
  7 hobgoblin zombies
  A kobold simulacrum (Ossuary)
  5 kobold zombies (Ossuary)
  5 orc zombies
  4 rats
  2 rat simulacra (Ossuary)
  5 spectral goblins (Ossuary)
  5 spectral kobolds (Ossuary)
  2 spectral rats (Ossuary)
781 creatures vanquished.

Vanquished Creatures (collateral kills)
  An orc warrior (Orc:2)
  24 foxfires
25 creatures vanquished.

Vanquished Creatures (others)
  A ghost crab (Swamp:1)
  3 bloated husks
  A basilisk (Lair:4)
  An orc (Orc:2)
  1842 foxfires
  9 fungi
  26 plants
  23 withered plants
1906 creatures vanquished.

Grand Total: 2712 creatures vanquished

Notes
Turn   | Place    | Note
-------+----------+-------------------------------------------
     0 | D:1      | LustLizard the Djinni Fire Elementalist began the quest for
                  | the Orb.
     0 | D:1      | LustLizard set off with the following spells memorised:
                  | Foxfire, Scorch, Conjure Flame, Inner Flame, Flame Wave.
     0 | D:1      | Reached XP level 1. HP: 15/15 MP: 0/0
   270 | D:1      | Reached XP level 2. HP: 19/22 MP: 0/0
  1023 | D:2      | Reached XP level 3. HP: 24/26 MP: 0/0
  1023 | D:2      | Learned a level 1 spell: Apportation
  1143 | D:2      | Reached skill level 1 in Fighting
  1553 | D:2      | You are sucked into a shaft and drop 1 floor!
  1627 | D:2      | Found a faded altar of an unknown god.
  1735 | D:2      | Noticed a phantom
  1884 | D:2      | Reached skill level 3 in Spellcasting
  1884 | D:2      | Reached XP level 4. HP: 23/32 MP: 0/0
  2555 | D:3      | Identified the +9 falchion of the Beginning {holy, Dex+5}
  2691 | D:3      | Found a runed translucent gate.
  2691 | D:3      | Found a runed translucent gate.
  2691 | D:3      | Found a runed translucent gate.
  2692 | D:3      | Noticed quakins's ghost (amateur TrTm)
  2692 | D:3      | Noticed funnyparkerb's ghost (amateur DjFE)
  2738 | D:3      | Reached XP level 5. HP: 23/37 MP: 0/0
  2738 | D:3      | Learned a level 2 spell: Ensorcelled Hibernation
  3240 | D:3      | Identified the +1 scale mail "Coceenog" {rPois Will+ SInv}
  4095 | D:2      | Killed a phantom
  4096 | D:2      | Reached XP level 6. HP: 38/43 MP: 0/0
  4686 | D:4      | Noticed Robin
  4692 | D:4      | Killed Robin
  4987 | D:4      | Reached XP level 7. HP: 47/49 MP: 0/0
  4987 | D:4      | Learned a level 3 spell: Ignite Poison
  5049 | D:4      | Reached skill level 4 in Spellcasting
  5210 | D:4      | Noticed Grinder
  5217 | D:4      | Killed Grinder
  5533 | D:5      | Entered Level 5 of the Dungeon
  5542 | D:5      | Noticed Dowan
  5574 | D:5      | Noticed Duvessa
  5611 | D:5      | Reached XP level 8. HP: 38/56 MP: 0/0
  5860 | D:5      | Noticed Blork the orc
  5868 | D:5      | Killed Blork the orc
  5948 | D:5      | Reached skill level 5 in Dodging
  5948 | D:5      | Reached skill level 5 in Spellcasting
  6071 | D:5      | Noticed a two-headed ogre
  6072 | D:5      | Noticed a yak
  6110 | D:5      | Killed a two-headed ogre
  6111 | D:5      | Reached skill level 6 in Spellcasting
  6111 | D:5      | Reached XP level 9. HP: 54/64 MP: 0/0
  6111 | D:5      | Learned a level 4 spell: Dispel Undead
  6294 | D:5      | Reached skill level 5 in Fighting
  7146 | D:6      | Reached skill level 7 in Spellcasting
  7179 | D:6      | Found a shimmering altar of Xom.
  7183 | D:6      | Found a bloodstained altar of Trog.
  7185 | D:6      | Found a white marble altar of Elyvilon.
  7313 | D:6      | Found a sand-covered staircase.
  7318 | Ossuary  | Entered an ossuary
  8038 | D:6      | Found an opulent altar of Gozag.
  8038 | D:6      | Found a broken altar of Ashenzari.
  8046 | D:6      | Found a faded altar of an unknown god.
  8049 | D:6      | Became a worshipper of Ashenzari the Shackled
  8052 | D:6      | Found a faded altar of an unknown god.
  8081 | D:6      | Found a staircase to the Ecumenical Temple.
  8253 | D:6      | Reached XP level 10. HP: 56/73 MP: 0/0
  8418 | D:7      | Found a flagged portal.
  8437 | Bailey   | Entered a bailey
  8930 | Bailey   | Reached skill level 8 in Spellcasting
  9446 | D:7      | Found a shadowy altar of Dithmenos.
 10133 | D:8      | Reached skill level 1 in Evocations
 10650 | D:3      | Killed quakins's ghost
 10676 | D:3      | Killed funnyparkerb's ghost
 10684 | D:3      | Identified the +1 robe "Entollay" {rPois rCorr Archmagi}
 10764 | D:4      | Reached * piety under Ashenzari
 11209 | D:5      | Killed Dowan
 11217 | D:5      | Killed Duvessa
 11562 | D:8      | Reached skill level 9 in Spellcasting
 11612 | D:8      | Noticed a komodo dragon
 11903 | D:8      | Killed a komodo dragon
 11904 | D:8      | Reached XP level 11. HP: 10/84 MP: 0/0
 11904 | D:8      | Learned a level 5 spell: Summon Forest
 12258 | D:8      | Found a staircase to the Lair.
 12264 | D:8      | Noticed Maurice
 12277 | D:8      | Killed Maurice
 12961 | D:9      | Reached ** piety under Ashenzari
 14035 | D:10     | Entered Level 10 of the Dungeon
 14122 | D:10     | Found Ciog's Distillery.
 14129 | D:10     | Bought a potion of resistance for 110 gold pieces
 14129 | D:10     | Bought a potion of mutation for 88 gold pieces
 14143 | D:10     | Found Loaduona's Jewellery Boutique.
 14179 | D:10     | Bought an amulet of regeneration for 390 gold pieces
 14250 | D:10     | Found a transporter.
 14257 | D:10     | Noticed a wizard
 14257 | D:10     | Noticed a toenail golem
 14258 | D:10     | Noticed a red very ugly thing
 14260 | D:10     | Noticed Cheops's ghost (journeyman DsGl)
 14265 | D:10     | Found a one-way gate to the infinite horrors of the Abyss.
 14354 | D:10     | Reached skill level 1 in Armour
 14455 | D:10     | Found Goeh's Book Shoppe.
 14489 | D:10     | Reached *** piety under Ashenzari
 14754 | D:10     | Found a portal to a secret trove of treasure.
 14776 | D:10     | Found a transporter.
 14816 | D:10     | Found Kolow's Armour Boutique.
 14823 | D:10     | Bought the +0 hat of the Undertaker {rElec Will+ MP-9} for
                  | 47 gold pieces
 14856 | D:10     | Found Vaxe's Assorted Antiques.
 14864 | D:10     | Bought a scroll labelled TYAFUI VI MEGAI for 21 gold pieces
 14864 | D:10     | Bought a marble ring for 105 gold pieces
 15090 | D:10     | Noticed a two-headed ogre
 15097 | D:10     | Killed a two-headed ogre
 15098 | D:10     | Reached skill level 5 in Stealth
 15153 | D:11     | Reached skill level 10 in Spellcasting
 15237 | D:11     | Reached XP level 12. HP: 91/94 MP: 0/0
 15389 | D:11     | Identified the +5 spear of Analysis {vorpal, rC+ rN++ SInv}
 15649 | D:11     | Found a staircase to the Orcish Mines.
 15688 | D:11     | Noticed a two-headed ogre
 15699 | D:11     | Killed a two-headed ogre
 15700 | D:11     | Reached skill level 5 in Evocations
 15856 | D:11     | Identified the +6 long sword of Gravity {pain, rF+ MP+9}
 16224 | D:11     | Noticed a boulder beetle
 16259 | D:11     | Killed a boulder beetle
 16488 | Lair:1   | Entered Level 1 of the Lair of Beasts
 16734 | Lair:1   | Noticed Joseph
 16752 | Lair:1   | Killed Joseph
 17443 | Lair:2   | Reached XP level 13. HP: 42/103 MP: 0/0
 17443 | Lair:2   | Learned a level 5 spell: Manifold Assault
 17561 | Lair:2   | Reached skill level 11 in Spellcasting
 17638 | Lair:2   | Found a staircase to the Swamp.
 17745 | Lair:2   | Reached skill level 1 in Shields
 17769 | Lair:2   | Found a staircase to the Snake Pit.
 17924 | Lair:2   | Noticed a four-headed hydra
 17934 | Lair:2   | Killed a four-headed hydra
 17974 | Lair:2   | Noticed a five-headed hydra
 17983 | Lair:2   | Killed a five-headed hydra
 18792 | Lair:3   | Reached **** piety under Ashenzari
 18821 | Lair:3   | Identified the +3 trident of the Four Xenops {antimagic,
                  | Stlth+}
 19070 | Lair:3   | Reached ***** piety under Ashenzari
 19394 | Lair:4   | Reached skill level 1 in Long Blades
 19438 | Lair:4   | Found a stormy altar of Qazlal.
 19545 | Lair:4   | Noticed a catoblepas
 19947 | Lair:4   | Found a staircase to the Slime Pits.
 20014 | Lair:4   | Noticed a five-headed hydra
 20026 | Lair:4   | Killed a six-headed hydra
 20027 | Lair:4   | Reached skill level 12 in Spellcasting
 20238 | Lair:4   | Reached XP level 14. HP: 63/116 MP: 0/0
 20444 | Lair:4   | Found a viscous altar of Jiyva.
 20643 | Lair:5   | Entered Level 5 of the Lair of Beasts
 21133 | Lair:5   | Reached skill level 5 in Long Blades
 22189 | D:12     | Identified the +0 scale mail "Meofaynn" {Int+3 Dex+3
                  | Slay+6}
 22652 | D:13     | Found Yhumn's Antique Weapon Shop.
 22751 | D:13     | Found a bloodstained altar of Trog.
 23083 | D:13     | Reached skill level 5 in Armour
 23113 | D:14     | Noticed Urug
 23113 | D:14     | Noticed Rupert
 23113 | D:14     | Found a gate to the Vaults.
 23164 | D:14     | Found a gate leading to a gauntlet.
 23225 | D:13     | Killed Urug
 23230 | D:13     | Killed Rupert
 23323 | D:14     | Reached skill level 13 in Spellcasting
 23335 | Gauntlet | Entered a Gauntlet
 23335 | Gauntlet | Found a transporter.
 23361 | Gauntlet | Reached ****** piety under Ashenzari
 23363 | Gauntlet | Found a transporter.
 23366 | Gauntlet | Found a transporter.
 23367 | Gauntlet | Found a transporter.
 23378 | Gauntlet | Found a transporter.
 23378 | Gauntlet | Found a transporter.
 23379 | Gauntlet | Found a transporter.
 23383 | Gauntlet | Found a runed translucent door.
 23383 | Gauntlet | Found a runed translucent door.
 23387 | Gauntlet | Found a transporter.
 23390 | Gauntlet | Found a transporter.
 23391 | Gauntlet | Found a transporter.
 23399 | Gauntlet | Identified the ring "Awuthruf" {Will+ rCorr Dex+4}
 23400 | Gauntlet | Found a transporter.
 23402 | Gauntlet | Found a transporter.
 23403 | Gauntlet | Found a transporter.
 23414 | Gauntlet | Found a transporter.
 23676 | Gauntlet | Reached XP level 15. HP: 113/127 MP: 0/0
 23676 | Gauntlet | Learned a level 6 spell: Death Channel
 23874 | Gauntlet | Identified the +5 glaive of Kyoler {vorpal, rC++}
 23874 | Gauntlet | Identified the +4 dagger of Melee {flame, rElec rN+ Str+9
                  | Int-3}
 24420 | D:14     | Noticed Snorg
 24431 | D:14     | Killed Snorg
 25176 | Orc:1    | Entered Level 1 of the Orcish Mines
 25518 | Orc:2    | Entered Level 2 of the Orcish Mines
 25555 | Orc:2    | Found a staircase to the Elven Halls.
 25577 | Orc:2    | Found Bugruohi's General Store.
 25583 | Orc:2    | Noticed an orc warlord
 25836 | Orc:2    | Killed an orc warlord
 26124 | Orc:2    | Found Hotzix's Jewellery Shoppe.
 26274 | Orc:2    | Found Byehiac's Magic Scroll Boutique.
 26277 | Orc:2    | Found Louh's General Store.
 26286 | Orc:2    | Reached skill level 5 in Shields
 26571 | Orc:2    | Bought the ring of Pyromania {Int+6 Dex+6} for 834 gold
                  | pieces
 27369 | Swamp:1  | Entered Level 1 of the Swamp
 27654 | Lair:2   | Reached XP level 16. HP: 78/130 MP: 0/0
 27795 | Swamp:1  | Reached skill level 10 in Dodging
 28184 | Swamp:1  | Noticed Roxanne
 28497 | Swamp:2  | Identified the +4 scale mail of Bokiod {Str+7}
 28948 | Swamp:2  | Reached skill level 14 in Spellcasting
 29830 | Swamp:4  | Entered Level 4 of the Swamp
 29943 | Swamp:4  | Found a frozen archway.
 30591 | Swamp:4  | Noticed the 27-headed Lernaean hydra
 30722 | Swamp:4  | Reached skill level 10 in Evocations
 30741 | Swamp:3  | HP: 1/130 [the 27-headed Lernaean hydra (10)]
 30741 | Swamp:3  | Mangled by the 27-headed Lernaean hydra

Illustrated notes

Levels and vault maps discovered:
D:1:      zelgadis_glass_arrival_small, layout_basic, roderic_serpentine_path
D:2:      layout_loops_cross, ebering_ecumenical_altar_box
D:3:      layout_basic, gammafunk_ghost_cemetery,
          minmay_fractal_squares_diagonal_5
D:4:      cheibrodos_pilgrimage, layout_rooms, dreamdust_princess_bridge,
          uniq_grinder, uniq_robin
D:5:      layout_basic, minmay_chambers_of_fives, uniq_duvessa,
          uniq_blork_the_orc
D:6:      layout_basic, chequers_temple_overflow_minitemple,
          grunt_temple_overflow_diamond, minmay_temple_entry_overgrown,
          nicolae_ossuary_entry_giza
D:7:      layout_loops_ring, lemuel_tele_altar, enter_bailey_2
D:8:      layout_loops_ring, erik_lair_dragon, dreamdust_mushroom_princess,
          uniq_maurice
D:9:      layout_roguey, kennysheep_pointless_box, kennysheep_flooded_box
D:10:     layout_gridville, serial_shops, nicolae_shop_statue_plus,
          nicolae_shop_statue_plus, nicolae_shop_waterfront, shop, shop,
          gammafunk_ghost_abyssal_escape, enter_trove_6
D:11:     layout_loops_ring, minmay_orc_entry_temple_large
D:12:     layout_basic
D:13:     layout_rooms, minmay_shop_grid_forest, minmay_misc_feat_doors,
          dreamdust_wishing_well, trog_hazing_becter
D:14:     erik_rubicon_a, layout_basic, david_vaults_3, gauntlet_entry_generic,
          nicolae_hexahallways, uniq_snorg
Lair:1:   layout_layer_cave, grunt_megastairs_2, uniq_joseph
Lair:2:   layout_cave_pods, skrybe_swamp_entry_bodies,
          minmay_snake_entry_six_corridors
Lair:3:   layout_regular_city, chequers_serial_rivers_micro_b
Lair:4:   nzn_winding_woodlands_three_and_one
          [nzn_winding_woodlands_5x15_garden, nzn_winding_woodlands_5x15_jagged,
          nzn_winding_woodlands_5x15_crooked,
          nzn_winding_woodlands_center_lodge], layout_gridlike,
          dpeg_slime_entry_enclosed, basic_altar, infiniplex_staircase_pool
Lair:5:   grunt_lair_end_beastmaster, layout_gridlike,
          minmay_stone_trees_medium, grunt_forest_small_clearings
Swamp:1:  layout_falls_marsh, evilmike_swamp_ruin_house_2, swamp_pool1,
          st_shrine_of_shade, uniq_roxanne
Swamp:2:  layout_basic_swamp, nicolae_swamp_big_swirl,
          infiniplex_staircase_pool_2
Swamp:3:  layout_basic_swamp, evilmike_swamp_ruin_house_3, swamp_pool1
Swamp:4:  swamp_old_school, layout_basic_swamp,
          portal_ice_cave_entry_ice_statue_two
Orc:1:    layout_caves
Orc:2:    st_orc_town, layout_caves

Skill      XL: |  1  2  3  4  5  6  7  8  9 10 11 12 13 14 15 16 |
---------------+-------------------------------------------------+-----
Fighting       | 1 2 3 4 6 7 8 9 |  9.6
Stealth        | 2 3 4 5 6 7 8 9 |  9.5
Spellcasting   | 3 4 6 7 9 10 12 13 14 | 14.4
Dodging        | 3 4 6 7 8 9 10 | 10.8
Evocations     | 2 4 5 7 8 9 10 | 10.0
Armour         | 2 4 5 7 8 |  8.2
Shields        | 1 3 5 6 |  6.9
Long Blades    | 3 5 |  5.6

Action                   |  1- 3 |  4- 6 |  7- 9 | 10-12 | 13-15 | 16-18 || total
-------------------------+-------+-------+-------+-------+-------+-------++-------
Melee: Dagger            |     7 |    11 |       |       |       |       ||    18
       Falchion          |       |    27 |    84 |    39 |   245 |    21 ||   416
       Punch             |       |       |     1 |     2 |       |       ||     3
 Cast: Foxfire           |    57 |    86 |    84 |   219 |   434 |   162 ||  1042
       Scorch            |       |     4 |    60 |   250 |   489 |   194 ||   997
       Flame Wave        |       |       |     1 |    10 |    21 |     8 ||    40
       Inner Flame       |       |       |       |     4 |       |       ||     4
       Ensorcelled Hiber |       |       |       |     2 |       |       ||     2
       Manifold Assault  |       |       |       |       |    40 |     3 ||    43
       Death Channel     |       |       |       |       |     1 |       ||     1
       Ignite Poison     |       |       |       |       |       |     2 ||     2
Invok: Curse Item        |       |       |       |     5 |     6 |       ||    11
       Shatter the Chain |       |       |       |     1 |     2 |       ||     3
Evoke: Wand              |       |       |       |       |     5 |    20 ||    25
  Use: Scroll            |       |       |    11 |     5 |     9 |       ||    25
       Potion            |       |       |       |     2 |     4 |     1 ||     7
 Stab: Sleeping          |       |       |     3 |       |       |       ||     3
       Distracted        |       |       |       |       |       |     1 ||     1
Armor: Robe              |       |     4 |     2 |       |       |       ||     6
       Scale mail        |       |       |    39 |    83 |   204 |    61 ||   387
Dodge: Dodged            |     9 |    22 |    66 |   108 |   270 |   134 ||   609
Block: Buckler           |       |       |       |    12 |   188 |    84 ||   284
